 Dungeon Crawl Stone Soup version 0.21-a0-142-gdd972a7 (webtiles) character file.

8781 Lianjan the Frost Mage (level 10, -8/78 HPs)
             Began as a Demigod Ice Elementalist on July 23, 2017.
             Killed from afar by a guardian serpent (15 damage)
             ... with a bolt of poison
             ... on level 10 of the Dungeon.
             The game lasted 00:35:53 (14258 turns).

Lianjan the Frost Mage (Demigod Ice Elementalist)  Turns: 14258, Time: 00:35:54

Health: -8/78      AC:  8    Str:  9    XL:     10   Next: 92%
Magic:  16/41      EV: 12    Int: 31    God:
Gold:   230        SH: 10    Dex: 16    Spells: 12/24 levels left

rFire    . . .     SeeInvis +   a - staff of power
rCold    . . .     Gourm    .   E - +2 shield
rNeg     + . .     Faith    .   D - +0 leather armour of Ciotata {Str-2 Int+6 SInv} (curse)
rPois    .         Spirit   .   (no helmet)
rElec    .         Reflect  .   d - +2 cloak
rCorr    .         Harm     .   w - +1 pair of gloves
MR       +....                  (no boots)
Stlth    ++........             (no amulet)
HPRegen  0.23/turn              q - ring of positive energy
MPRegen  0.27/turn              y - +3 ring of evasion

@: lethally poisoned (-8 -> -24), about to teleport, marked, very slightly
contaminated, slowed, drained, very slow
A: high mp 1
a: no special abilities


You were on level 10 of the Dungeon.
You were hungry.

You visited 2 branches of the dungeon, and saw 11 of its levels.

You collected 490 gold pieces.
You spent 260 gold pieces at shops.

Inventory:

Missiles
 x - 2 throwing nets
 z - 7 tomahawks (quivered)
Armour
 d - a +2 cloak (worn)
 w - a +1 pair of gloves (worn)
 D - the cursed +0 leather armour of Ciotata (worn) {Str-2 Int+6 SInv}
   (You bought it in a shop on level 6 of the Dungeon)

   It affects your strength (-2).
   It affects your intelligence (+6).
   It lets you see invisible.
   It has a curse placed upon it.
 E - a +2 shield (worn)
 K - a +0 robe
Magical Staves
 a - an uncursed staff of power (weapon)
Jewellery
 l - an uncursed ring of resist corrosion
 q - a ring of positive energy (left hand)
 r - an uncursed ring of positive energy
 y - a +3 ring of evasion (right hand)
 M - an uncursed ring of see invisible {unknown}
 N - an uncursed ring of stealth {unknown}
Wands
 k - a wand of paralysis (8/24)
 v - a wand of random effects (48/48)
 F - a wand of digging (9/24)
 O - a wand of iceblast (7/15)
Scrolls
 e - 4 scrolls of identify
 h - 4 scrolls of remove curse
 i - a scroll of recharging
 p - 2 scrolls of immolation
 J - a scroll of fear {unknown}
 L - 2 scrolls of blinking {unknown}
Potions
 f - 2 potions of mutation
 j - a potion of magic
 m - a potion of lignification
 o - a potion of might
 t - 2 potions of flight
 u - 3 potions of cancellation
 C - a potion of curing {unknown}
 G - a potion of ambrosia {unknown}
 H - a potion of invisibility {unknown}
 I - a potion of brilliance {unknown}
 P - a potion of degeneration {unknown}
Books
 b - a book of Frost

   Spells                             Type                      Level
   a - Freeze                         Ice                          1
   b - Throw Frost                    Conjuration/Ice              2
   c - Ozocubu's Armour               Charms/Ice                   3
   d - Throw Icicle                   Conjuration/Ice              4
   e - Summon Ice Beast               Ice/Summoning                4
 A - a book of Misfortune

   Spells                             Type                      Level
   a - Confusing Touch                Hexes                        1
   b - Confuse                        Hexes                        3
   c - Gell's Gravitas                Translocation                3
   d - Petrify                        Transmutation/Earth          4
   e - Metabolic Englaciation         Hexes/Ice                    5
   f - Yara's Violent Unravelling     Hexes/Transmutation          5
 B - a book of Debilitation

   Spells                             Type                      Level
   a - Corona                         Hexes                        1
   b - Slow                           Hexes                        2
   c - Inner Flame                    Hexes/Fire                   3
   d - Portal Projectile              Hexes/Translocation          3
   e - Cause Fear                     Hexes                        4
   f - Leda's Liquefaction            Hexes/Earth                  4
Comestibles
 c - 11 bread rations
 g - 4 royal jellies
 n - 7 meat rations


   Skills:
 + Level 3.8(3.7) Fighting
 - Level 1.7(1.6) Dodging
 - Level 1.7(1.6) Stealth
 + Level 3.4(3.3) Shields
 - Level 7.6(7.5) Unarmed Combat
 + Level 7.9(7.8) Spellcasting
 - Level 6.0(5.9) Conjurations
 * Level 8.2(8.1) Ice Magic


You had 12 spell levels left.
You knew the following spells:

 Your Spells              Type           Power        Failure   Level  Hunger
a - Freeze                Ice            ####         1%          1    None
b - Ozocubu's Armour      Chrm/Ice       #####...     14%         3    None
c - Throw Icicle          Conj/Ice       ######..     14%         4    #......
d - Summon Ice Beast      Ice/Summ       #####...     43%         4    #......


Dungeon Overview and Level Annotations

Branches:
Dungeon (10/15)            Temple (1/1) D:5
   Lair: D:8-11         Orc: D:9-12

Shops:
D:6 [


Innate Abilities, Weirdness & Mutations

You have an increased reservoir of magic. (+10% MP)


Message History

Confirm with . or Enter, or press ? or * to list all spells.
Aiming: Throw Icicle
Press: ? - help, Shift-Dir - straight line, f/p - guardian serpent
Aim: a guardian serpent (heavily wounded)
The shard of ice hits the guardian serpent.
The guardian serpent is severely wounded.
You feel sick. The guardian serpent hits you!!
* * * LOW HITPOINT WARNING * * *
The guardian serpent casts a spell at you.
The bolt of poison misses you.
The guardian serpent casts a spell at you.
You resist with some effort.
As you read the scroll of teleportation, it crumbles to dust.
You feel strangely unstable.
You feel sick. The guardian serpent hits you.
* * * LOW HITPOINT WARNING * * *
The centaur zombie barely misses you. You block the centaur zombie's attack.
The guardian serpent casts a spell at you.
The bolt of poison hits you!
You are lethally poisoned!
You die...

#........# #...........
#........# #...........
#........# #...........
#........# #...........
#........# ##########..
#....(...# #.........
#.......S######.#.#####.
#.......Z..†.....>......
#......@S#####.####.###.
#...####.# #.#.#.##.###.
#... #.###.#.......##.
#### #.#..<#.......##.
#.#.#.#.......##.
#.#.###.......##.
#.).###..........
###..............
#.......##.....


You could see 2 guardian serpents and a centaur zombie.

Vanquished Creatures
  3 two-headed ogres (D:8)
  Psyche (D:9)
  The ghost of nebgrebaes the Skirmisher, a novice MiFi (D:4)
  Maurice (D:9)
  A troll (D:10)
  Prince Ribbit (D:6)
  A wyvern (D:8)
  A hungry ghost (D:8)
  Menkaure (D:5)
  A soldier ant (D:10)
  3 water moccasins
  Duvessa (D:4)
  An orc warrior (D:6)
  2 black bears
  An ice beast (D:9)
  7 ogres
  3 phantoms
  3 centaurs
  Blork the orc (D:6)
  2 big kobolds
  2 gnoll sergeants
  4 bullfrogs
  Dowan (D:4)
  A scorpion (D:8)
  10 killer bees
  14 wights
  An electric eel (D:10)
  2 howler monkeys
  3 crimson imps
  7 orc wizards
  3 orc priests
  5 hounds
  2 jellies
  Crazy Yiuf (D:5)
  Terence (D:2)
  Ijyb (D:3)
  2 iguanas
  10 worker ants
  A hound zombie (D:6)
  A hound skeleton (D:4)
  2 worker ant zombies (D:8)
  7 gnolls
  A howler monkey skeleton (D:5)
  11 adders
  2 shadow imps
  3 oozes
  2 adder skeletons (D:5)
  2 adder zombies
  4 worms
  3 dart slugs
  3 leopard geckos
  27 orcs
  6 bats
  8 giant cockroaches
  11 goblins
  9 hobgoblins
  19 jackals
  5 quokkas
  A ball python (D:3)
  8 frilled lizards
  20 kobolds
  A quokka skeleton (D:9)
  8 rats
271 creatures vanquished.

Vanquished Creatures (others)
  An orc wizard (D:6)
1 creature vanquished.

Grand Total: 272 creatures vanquished

Notes
Turn   | Place    | Note
-------+----------+-------------------------------------------
     0 | D:1      | Lianjan the Demigod Ice Elementalist began the quest for the Orb.
     0 | D:1      | Reached XP level 1. HP: 14/14 MP: 5/5
   309 | D:1      | Reached skill level 3 in Ice Magic
   630 | D:1      | Reached XP level 2. HP: 17/20 MP: 4/7
  1029 | D:1      | Reached XP level 3. HP: 26/26 MP: 6/9
  1415 | D:1      | Learned a level 3 spell: Ozocubu's Armour
  1880 | D:2      | Noticed Terence
  1888 | D:2      | Killed Terence
  1888 | D:2      | Reached skill level 4 in Ice Magic
  1888 | D:2      | Reached XP level 4. HP: 24/33 MP: 2/10
  1894 | D:2      | Learned a level 4 spell: Throw Icicle
  2451 | D:2      | Reached skill level 1 in Unarmed Combat
  2727 | D:3      | Reached XP level 5. HP: 10/38 MP: 2/12
  3321 | D:3      | Noticed Ijyb
  3329 | D:3      | Killed Ijyb
  3771 | D:4      | Reached skill level 5 in Ice Magic
  3882 | D:4      | Noticed Duvessa
  3886 | D:4      | Noticed Dowan
  3901 | D:4      | Killed Duvessa
  3901 | D:4      | Reached XP level 6. HP: 22/45 MP: 3/14
  3904 | D:4      | Killed Dowan
  3964 | D:4      | HP: 2/45 [poisoned by Dowan]
  4449 | D:4      | Noticed nebgrebaes's ghost (novice MiFi)
  4520 | D:4      | Killed nebgrebaes's ghost
  4520 | D:4      | Reached XP level 7. HP: 30/50 MP: 4/16
  5306 | D:5      | Entered Level 5 of the Dungeon
  5434 | D:5      | Found a staircase to the Ecumenical Temple.
  5987 | D:5      | Noticed Menkaure
  6006 | Temple   | Entered the Ecumenical Temple
  6240 | D:5      | Killed Menkaure
  6240 | D:5      | Reached XP level 8. HP: 34/57 MP: 1/19
  6529 | D:5      | Found a deep blue altar of Sif Muna.
  6619 | D:5      | Reached skill level 5 in Spellcasting
  7020 | D:5      | Found a runed door.
  7024 | D:5      | Noticed Crazy Yiuf
  7028 | D:5      | Killed Crazy Yiuf
  7173 | D:5      | Learned a level 4 spell: Summon Ice Beast
  7214 | D:6      | Found a stormy altar of Qazlal.
  7918 | D:6      | Found a sparkling altar of Nemelex Xobeh.
  7965 | D:6      | Reached skill level 5 in Unarmed Combat
  8091 | D:6      | Noticed Prince Ribbit
  8106 | D:6      | Killed Prince Ribbit
  8113 | D:6      | Found Bigrua Ugue's Armour Boutique.
  8113 | D:6      | Noticed Blork the orc
  8131 | D:6      | Killed Blork the orc
  8742 | D:7      | Reached skill level 5 in Conjurations
  8840 | D:6      | Reached XP level 9. HP: 56/62 MP: 13/22
 10015 | D:8      | Found a hide-covered altar of Uskayaw.
 10170 | D:6      | Bought the cursed +0 leather armour of Ciotata {Str-2 Int+6 SInv} for 260 gold pieces
 10236 | D:8      | Noticed a two-headed ogre
 10246 | D:8      | Killed a two-headed ogre
 10246 | D:8      | Reached skill level 1 in Fighting
 10246 | D:8      | Reached skill level 6 in Ice Magic
 10927 | D:8      | Noticed a two-headed ogre
 10944 | D:8      | Killed a two-headed ogre
 10944 | D:8      | Reached skill level 1 in Shields
 10944 | D:8      | Reached XP level 10. HP: 55/73 MP: 1/24
 11304 | D:8      | Found a basalt altar of Yredelemnul.
 11347 | D:8      | Found a white marble altar of Elyvilon.
 11380 | D:8      | Found an ancient bone altar of Kikubaaqudgha.
 11677 | D:8      | Noticed a two-headed ogre
 11685 | D:8      | Killed a two-headed ogre
 11685 | D:8      | Reached skill level 7 in Ice Magic
 12685 | D:9      | Noticed Psyche
 12691 | D:9      | Killed Psyche
 12883 | D:9      | Found a shadowy altar of Dithmenos.
 13220 | D:9      | Noticed Maurice
 13224 | D:9      | Killed Maurice
 13633 | D:9      | Reached skill level 8 in Ice Magic
 13669 | D:9      | Found a faded altar of an unknown god.
 13669 | D:9      | Found a blossoming altar of Fedhas.
 13674 | D:9      | Found an iron altar of Okawaru.
 13676 | D:9      | Found a faded altar of an unknown god.
 13677 | D:9      | Found a radiant altar of Vehumet.
 13739 | D:10     | Entered Level 10 of the Dungeon
 14251 | D:10     | Noticed a guardian serpent
 14256 | D:10     | Noticed a guardian serpent
 14258 | D:10     | Killed from afar by a guardian serpent

Vault maps used:
D:1:      saegor_arrival_simple_b, feat_on_display
D:2:      uniq_terence
D:3:      first_bread, uniq_ijyb
D:4:      uniq_duvessa
D:5:      nicolae_overflow_crystal_walls, temple_green, uniq_menkaure,
          uniq_crazy_yiuf_cottage
D:6:      kennysheep_mini, grunt_qazlal_sundering, serial_shops,
          nicolae_shop_statue_plus, uniq_blork_the_orc, uniq_prince_ribbit1
D:7:      grunt_decor_mini_mirrors, grunt_ogre_cave
D:8:      kennysheep_ying_yang, marbit_many_paths, basic_altar,
          nicolae_ossuary_entry_false_entrances
D:9:      lemuel_round_altar, chequers_temple_overflow_minitemple, uniq_maurice,
          uniq_psyche
D:10:     nrook_guardian_serpent_snake_passage
Temple:   nicolae_temple_x_marks_the_god

Skill      XL: |  1  2  3  4  5  6  7  8  9 10 |
---------------+-------------------------------+-----
Spellcasting   | 2 3 4 6 7 |  7.9
Ice Magic      | 3 4 5 6 8 |  8.2
Unarmed Combat | 1 2 3 4 5 7 |  7.6
Conjurations   | 2 3 5 6 |  6.0
Fighting       | 2 3 |  3.8
Shields        | 1 3 |  3.4
Dodging        | |  1.7
Stealth        | |  1.7

Action                   |  1- 3 |  4- 6 |  7- 9 | 10-12 || total
-------------------------+-------+-------+-------+-------++-------
Melee: Unarmed           |    46 |    19 |    89 |    37 ||   191
       Staff             |       |       |       |     6 ||     6
Throw: Tomahawk          |       |       |     1 |       ||     1
 Cast: Freeze            |    76 |   107 |   210 |    81 ||   474
       Ozocubu's Armour  |     2 |     5 |    10 |     4 ||    21
       Throw Icicle      |       |       |    55 |    88 ||   143
  Use: Potion            |       |     2 |     1 |       ||     3
       Scroll            |       |       |    14 |     1 ||    15
  Eat: Chunk             |     3 |     9 |    25 |    11 ||    48
       Royal jelly       |       |       |     1 |       ||     1
Armor: Robe              |    41 |    22 |    81 |       ||   144
       Skin              |       |       |     2 |       ||     2
       Leather armour    |       |       |     4 |    26 ||    30
Dodge: Dodged            |    72 |    58 |   179 |    58 ||   367
Block: Shield            |       |       |    15 |    54 ||    69
